 Dungeon Crawl Stone Soup version 0.28-a0-1206-g193881aaa2 (webtiles) character file.

Game seed: 849156506287527107

424 ragingrage the Ogre Mage (level 6, -3/53 HPs)
             Began as an Ogre Fire Elementalist on Dec 21, 2021.
             Was an Initiate of Vehumet.
             Slain by Blork the orc (8 damage)
             ... on level 4 of the Dungeon.
             The game lasted 00:09:05 (5619 turns).

ragingrage the Ogre Mage (Ogre Fire Elementalist)   Turns: 5619, Time: 00:09:06

Health: -3/53      AC:  3    Str: 13    XL:     6   Next: 96%
Magic:  1/13       EV:  9    Int: 18    God:    Vehumet [......]
Gold:   49         SH:  0    Dex:  9    Spells: 11/14 levels left

rFire   . . .      SeeInvis .   h - +1 spear (venom)
rCold   . . .      Faith    .   (no shield)
rNeg    . . .      Spirit   .   a - +0 robe
rPois   .          Reflect  .   (helmet restricted)
rElec   .          Harm     .   (no cloak)
rCorr   .          Rampage  .   (gloves unavailable)
Will    +....                   (boots unavailable)
Stlth   +.........              (no amulet)
HPRegen 0.17/turn               f - ring of willpower
MPRegen 0.13/turn               (no ring)

@: attractive, very slightly contaminated
A: large, unfitting armour, tough skin 1
a: Renounce Religion


You were on level 4 of the Dungeon.
You worshipped Vehumet.
Vehumet was noncommittal.
You visited 2 branches of the dungeon, and saw 6 of its levels.

You collected 49 gold pieces.

Inventory:

Hand Weapons
 h - a +1 spear of venom (weapon)
Missiles
 l - 2 boomerangs
 m - 5 silver javelins
 o - 37 poisoned darts
Armour
 a - a +0 robe (worn)
Magical Staves
 c - a staff of cold
Jewellery
 f - a ring of willpower (left hand)
 u - an amulet of the acrobat
Scrolls
 d - 2 scrolls of enchant weapon {unknown}
 g - 3 scrolls of teleportation {unknown}
 i - a scroll of torment {unknown}
 j - a scroll of immolation {unknown}
 p - a scroll of amnesia {unknown}
 q - a scroll of magic mapping {unknown}
 r - 2 scrolls of fog {unknown}
 s - 2 scrolls of identify {unknown}
Potions
 b - a potion of invisibility {unknown}
 e - a potion of haste {unknown}
 k - a potion of attraction
 n - a potion of brilliance {unknown}
 t - 2 potions of flight {unknown}


   Skills:
 - Level 1.7 Dodging
 - Level 1.4 Stealth
 + Level 4.9 Spellcasting
 + Level 3.6 Conjurations
 + Level 4.5 Fire Magic


You had 11 spell levels left.
You knew the following spells:

 Your Spells              Type           Power      Damage    Failure   Level
a - Foxfire               Conj/Fire      76%        2x1d7     2%          1
b - Scorch                Fire           40%        2d7       3%          2

Your spell library contained the following spells:

 Spells                   Type           Power      Damage    Failure   Level
 Conjure Flame            Conj/Fire      19%        6-21      8%          3
 Inner Flame              Hex/Fire       12%        N/A       16%         3
 Flame Wave               Conj/Fire      19%        2d5       26%         4
 Portal Projectile        Hex/Tloc       8%         N/A       38%         3
 Blade Hands              Tmut           2%         N/A       98%         5
 Excruciating Wounds      Necr           2%         N/A       98%         5


Dungeon Overview and Level Annotations

Branches:
Dungeon (5/15)             Temple (1/1) D:4

Altars:
Ashenzari
Dithmenos
Gozag
Kikubaaqudgha
Makhleb
Nemelex Xobeh
Sif Muna
Uskayaw
Vehumet
Wu Jian
Xom
Zin
The Shining One

Annotations:
D:1 exclusion: downstairs
D:2 1 runed translucent door, Crazy Yiuf
D:4 Blork the orc, Dowan, Duvessa


Innate Abilities, Weirdness & Mutations

You are too large for most types of armour.
You have tough skin. (AC +1)


Message History

Blork the orc closely misses you.
Casting: Scorch (safe; 3% risk of failure)
Confirm with . or Enter, or press ? or * to list all spells.
You miscast Scorch.
You are very lightly contaminated with residual magic.
Nothing appears to happen.
Blork the orc is no longer more vulnerable to fire.
Blork the orc casts a cantrip, but nothing happens.
Blork the orc closely misses you.
Casting: Scorch (safe; 3% risk of failure)
Confirm with . or Enter, or press ? or * to list all spells.
Flames lash Blork the orc but do no damage.
Blork the orc hits you from afar with a +4 vampiric glaive!!
* * * LOW HITPOINT WARNING * * *
Blork the orc draws strength from your wounds!
Casting: Scorch (safe; 3% risk of failure)
Confirm with . or Enter, or press ? or * to list all spells.
You don't have enough magic to cast this spell.
Unknown command.
Casting: Scorch (safe; 3% risk of failure)
Confirm with . or Enter, or press ? or * to list all spells.
You conjure some foxfire!
Blork the orc hits you from afar with a +4 vampiric glaive.
* * * LOW HITPOINT WARNING * * *
Blork the orc draws strength from your wounds!
Blork the orc hits you from afar with a +4 vampiric glaive!
* * * LOW HITPOINT WARNING * * *
Blork the orc draws strength from your wounds!
It was a potion of attraction.
You feel attractive to monsters.
The foxfire hits Blork the orc.
Blork the orc is heavily wounded.
The foxfire hits Blork the orc.
Blork the orc is severely wounded.
Blork the orc closely misses you. Blork the orc is attracted toward you.
Duvessa is attracted toward you.
Unknown command.
Blork the orc barely misses you.
Blork the orc hits you from afar with a +4 vampiric glaive!
You die...

#.######.#####....#...#..#. ###
#.....)...<# ###..#...#.... #.#
##+######.### #..#.#.#.#.. ##.#
#...# #.# #........... #..###...#
### #..#.#...#..
.........########## #........#..
#...#.......##..........#.##..#.#
#.⌠.#.......##...######.#.##..#.#
#...###.....##$.@# #...###....
........)..###.§.######.### #.#.#
..>..⌠..###.##..o....... #...#
....o.......###e#######. #...#
#...###..##.# #§# ##...
#.§.#...###.###.# #...
#o..#...........# ##..
(.......###.##### #####..
##.##..## #.# #.....>


You could see Duvessa and Blork the orc (fast).

Vanquished Creatures
  A necrophage (D:4)
  A phantom (D:5)
  A bullfrog (D:4)
  Natasha (twice) (D:2)
  Robin (D:4)
  3 adders (D:2)
  4 gnolls
  2 worms
  3 dart slugs
  2 bats
  5 endoplasms
  A giant cockroach (D:1)
  16 goblins
  5 hobgoblins
  7 jackals (D:2)
  5 kobolds
  3 quokkas
  4 ball pythons
  A frilled lizard (D:3)
  6 rats
73 creatures vanquished.

Vanquished Creatures (others)
  241 foxfires
  3 fungi (D:2)
244 creatures vanquished.

Grand Total: 317 creatures vanquished

Notes
Turn   | Place    | Note
-------+----------+-------------------------------------------
     0 | D:1      | ragingrage the Ogre Fire Elementalist began the quest for
                  | the Orb.
     0 | D:1      | Reached XP level 1. HP: 16/16 MP: 3/3
    23 | D:1      | Reached skill level 1 in Conjurations
   288 | D:1      | Reached XP level 2. HP: 24/24 MP: 0/5
   825 | D:1      | Learned a level 2 spell: Scorch
  1068 | D:1      | Reached XP level 3. HP: 31/31 MP: 1/7
  1857 | D:2      | Found a faded altar of an unknown god.
  2313 | D:2      | Noticed Natasha
  2322 | D:2      | Killed Natasha
  2323 | D:2      | Reached XP level 4. HP: 39/39 MP: 5/9
  2787 | D:2      | Reached XP level 5. HP: 20/45 MP: 3/10
  3270 | D:2      | Noticed Natasha
  3281 | D:2      | Killed Natasha
  3563 | D:2      | Found a runed translucent door.
  3564 | D:2      | Noticed Crazy Yiuf
  4111 | D:3      | Found a hide-covered altar of Uskayaw.
  4401 | D:3      | Found a burning altar of Makhleb.
  4595 | D:3      | Found an ornate altar of the Wu Jian Council.
  4903 | D:4      | Found a glowing golden altar of the Shining One.
  4903 | D:4      | Noticed a necrophage
  4929 | D:5      | Entered Level 5 of the Dungeon
  4933 | D:5      | Noticed a phantom
  4939 | D:5      | Killed a phantom
  4940 | D:5      | Reached XP level 6. HP: 53/53 MP: 5/12
  5039 | D:4      | Killed a necrophage
  5169 | D:4      | Identified the +2 helmet of Torchem {rN+ Str+8}
  5169 | D:4      | Noticed Robin
  5183 | D:4      | Killed Robin
  5357 | D:4      | Found a staircase to the Ecumenical Temple.
  5372 | Temple   | Entered the Ecumenical Temple
  5534 | Temple   | Became a worshipper of Vehumet
  5580 | D:4      | Noticed Blork the orc
  5580 | D:4      | Noticed Duvessa
  5580 | D:4      | Noticed Dowan
  5619 | D:4      | Slain by Blork the orc

Illustrated notes

Levels and vault maps discovered:
D:1:      mushboom_english_gardens, layout_basic, kennysheep_minor_cross,
          amcnicky_mini_pool_small
D:2:      layout_basic, nicolae_ecumenical_oubliette, minivault_23,
          uniq_crazy_yiuf_cottage, uniq_natasha
D:3:      layout_basic, general_overflow_altar,
          mainiacjoe_overflow_catwalk_spiral
D:4:      layout_basic, kennysheep_mini_moat, minmay_temple_entry_junction_2,
          uniq_blork_the_orc, uniq_duvessa, uniq_robin
D:5:      layout_loops_ring, amcnicky_altar_gilded,
          mainiacjoe_overflow_24_doors, kennysheep_small_circle,
          uniq_prince_ribbit1, uniq_grinder
Temple:   nicolae_temple_figure_zero

Skill      XL: |  1  2  3  4  5 |
---------------+----------------+-----
Conjurations   | 1 2 3 |  3.6
Fire Magic     | 3 4 |  4.5
Spellcasting   | 3 4 |  4.9
Dodging        | |  1.7
Stealth        | |  1.4

Action                   |  1- 3 |  4- 6 || total
-------------------------+-------+-------++-------
Melee: Unarmed           |     2 |       ||     2
       Flail             |       |    36 ||    36
       Spear             |       |     6 ||     6
       Short sword       |       |     2 ||     2
 Cast: Foxfire           |    72 |    84 ||   156
       Scorch            |     5 |    18 ||    23
  Use: Potion            |       |     1 ||     1
Armor: Robe              |     5 |    17 ||    22
Dodge: Dodged            |    11 |    36 ||    47

Table legend: (Time is in decaauts)
 A = Elapsed time spent in this place.
 B = Non-inter-level travel time spent in this place.
 C = Inter-level travel time spent in this place.
 D = Time resting spent in this place.
 E = Time spent auto-exploring this place.
 F = Levels seen in this place.
 G = Mean time per level.
                   A        B        C        D        E       F      G
               +--------+--------+--------+--------+--------+-----+--------+
         Total |   5633 |   5434 |    199 |   1546 |   3090 |   6 |  938.8 |
       Dungeon |   5460 |   5288 |    172 |   1546 |   2946 |   5 | 1092.0 |
        Temple |    173 |    146 |     27 |      0 |    144 |   1 |  173.0 |
               +--------+--------+--------+--------+--------+-----+--------+

Top non-repeatable levels by time:
     D:1: 2129 daAuts
     D:2: 1671 daAuts
     D:3: 946 daAuts
     D:4: 650 daAuts
  Temple: 173 daAuts
     D:5: 61 daAuts
